 Dungeon Crawl Stone Soup version 0.31-a0-716-gc7603755dd (webtiles) character file.

Game seed: 1775335903324080611

104 dialectric the Trooper (level 4, -3/32 HPs)
             Began as an Octopode Fighter on Sept 11, 2023.
             Slain by a sky beast (5 damage)
             ... on level 4 of the Dungeon.
             The game lasted 00:01:14 (1050 turns).

dialectric the Trooper (Octopode Fighter)           Turns: 1050, Time: 00:01:15

Health: -3/32      AC:  1    Str: 15    XL:     4   Next: 80%
Magic:  4/4        EV: 14    Int: 10    God:
Gold:   92         SH:  5    Dex: 19    Spells: 3/3 levels left

rFire   . . .        a - +0 long sword
rCold   . . .        b - +0 buckler
rNeg    . . .        (helmet restricted)
rPois   .            (no amulet)
rElec   .            f - +6 ring of dexterity
rCorr   .            (no ring)
SInv    .            (no ring)
Will    .....        (no ring)
Stlth   +++          (no ring)
HPRegen 0.25/turn    (no ring)
MPRegen 0.09/turn    (no ring)
                     (no ring)

%: no passive effects
@: no status effects
A: almost no armour, amphibious, 8 rings, camouflage 1, gelatinous body 1,
(nimble swimmer 1), tentacles
a: no special abilities


You were on level 4 of the Dungeon.
You visited 1 branch of the dungeon, and saw 3 of its levels.

You collected 92 gold pieces.

Inventory:

Hand Weapons
 a - a +0 long sword (weapon)
Missiles
 n - 2 curare-tipped darts (quivered)
Armour
 b - a +0 buckler (worn)
Jewellery
 f - a +6 ring of dexterity (left tentacle)
Wands
 k - a wand of charming (8)
Scrolls
 d - 2 scrolls of noise {unknown}
 g - a scroll of blinking {unknown}
 h - 2 scrolls of teleportation {unknown}
 i - a scroll of identify {unknown}
 j - a scroll of poison {unknown}
 l - a scroll of fear {unknown}
Potions
 c - a potion of might
 e - a potion of brilliance {unknown}
 m - a potion of curing {unknown}
 o - a potion of heal wounds {unknown}


   Skills:
 + Level 3.6 Fighting
 + Level 2.8 Long Blades
 + Level 3.5 Dodging
 + Level 2.5 Stealth
 + Level 3.4 Shields


You had 3 spell levels left.
You didn't know any spells.
Your spell library contained the following spells:

 Spells                   Type           Power      Damage    Failure   Level
 Lesser Beckoning         Tloc           0%         N/A       58%         2
 Sublimation of Blood     Necr           0%         N/A       58%         2
 Gell's Gravitas          Tloc           0%         N/A       83%         3
 Teleport Other           Tloc           0%         N/A       83%         3
 Petrify                  Tmut/Erth      0%         N/A       99%         4
 Irradiate                Conj/Tmut      0%         3d11      100%        5


Dungeon Overview and Level Annotations

Branches:
Dungeon (2/15)

Altars:

Shops:
D:1 =:(*


Innate Abilities, Weirdness & Mutations

You cannot wear most types of armour.
You are amphibious.
You can wear up to eight rings at the same time.
Your skin changes colour to match your surroundings (Stealth+).
Your rubbery body absorbs attacks. (AC +1, EV +1)
((You are camouflaged when in or above water. (Stealth+)))
You have tentacles for arms and can constrict up to eight enemies at once.


Message History

No target in view!
A sky beast comes into view.
The helpless sky beast fails to defend itself.
You hit the sky beast. Your squeeze misses the sky beast.
The sky beast is lightly wounded.
The sky beast flickers out of sight!
Deactivating autopickup; reactivate with Ctrl-A.
Something hits you. Something shocks you.
No target in view!
No target in view!
No target in view!
No target in view!
No target in view!
No target in view!
No target in view!
No target in view!
Unknown command.
Something hits you. Something shocks you.
A sky beast appears from thin air!
Reactivating autopickup.
The sky beast barely misses you.
Aiming: Charm
Press: ? - help, Shift-Dir - straight line, f - sky beast
Aim: a sky beast (lightly wounded, chance to affect: 49%)
The sky beast resists with some effort.
The sky beast hits you.
* * * LOW HITPOINT WARNING * * *
The sky beast shocks you.
* * * LOW HITPOINT WARNING * * *
The sky beast attacks as it pursues you!
The sky beast closely misses you.
Unknown command.
Throw: 3 darts (curare)
Press: ? - help, Q - select action, (/) - cycle Shift-Dir - straight line, f/p - sky beast
Aim: a sky beast (lightly wounded, 48% to hit)
You throw a curare-tipped dart.
The curare-tipped dart closely misses the sky beast.
The sky beast hits you.
* * * LOW HITPOINT WARNING * * *
The sky beast shocks you.
You die...

#.)#.# #..# #..#.# #..#
#..#.# #..# #..#.#
..########..#.#
............#.#
###...........#.#
#.....######..#.# #.#@#
#....# #.#Y# ##...##
#.###.#.# #.#..###
#.#...#.## #.#....#
#.#.#)...# ....##.#.##.#
##.#...#..# #......#.##)#
..........#.#.#..#.#.....
#.#.#..(...#.#..#.####..
#.#.#.#.##.#.#..#.# #.>


You could see a sky beast.

Vanquished Creatures
  An orc priest (D:4)
  A gnoll (D:1)
  3 adders (D:4)
  A worm (D:4)
  A dart slug (D:4)
  4 orcs (D:4)
  An endoplasm (D:1)
  2 giant cockroaches
  3 goblins
  4 hobgoblins
  2 quokkas (D:1)
  2 ball pythons
  A frilled lizard (D:2)
  4 kobolds
  A rat (D:2)
31 creatures vanquished.

Notes
Turn   | Place    | Note
-------+----------+-------------------------------------------
     0 | D:1      | dialectric the Octopode Fighter began the quest for the
                  | Orb.
     0 | D:1      | Reached XP level 1. HP: 16/16 MP: 1/1
    91 | D:1      | Found Qamaj's Book Emporium.
   109 | D:1      | Reached XP level 2. HP: 9/21 MP: 2/2
   369 | D:1      | Found Paxzy's Weapon Boutique.
   425 | D:1      | Found Jova's Assorted Antiques.
   480 | D:1      | Found Ecisohuw's Jewellery Boutique.
   587 | D:2      | Reached XP level 3. HP: 26/26 MP: 3/3
   694 | D:2      | Reached skill level 1 in Stealth
   772 | D:2      | You fall into a shaft and drop 2 floors!
   882 | D:4      | Reached XP level 4. HP: 31/31 MP: 4/4
  1038 | D:4      | Noticed a sky beast
  1050 | D:4      | Slain by a sky beast

Illustrated notes

Levels and vault maps discovered:
D:1:      dpeg_arrival_pits, layout_basic, serial_shops, shop, shop,
          nicolae_shop_gaudy_bauble, shop
D:2:      layout_basic, uniq_crazy_yiuf_cottage
D:4:      layout_basic, mainiacjoe_overflow_alcove_2,
          chequers_temple_overflow_minitemple, gammafunk_ghost_necromancy

Skill      XL: |  1  2  3  4 |
---------------+-------------+-----
Stealth        | 1 2 |  2.5
Fighting       | |  3.6
Long Blades    | |  2.8
Dodging        | |  3.5
Shields        | |  3.4

Action                     |  1- 3 |  4- 6 || total
---------------------------+-------+-------++-------
  Melee: Long sword        |    38 |    11 ||    49
         Constrict         |    12 |     2 ||    14
         Tentacles         |     8 |     1 ||     9
         Punch             |     1 |       ||     1
  Throw: Dart              |       |     1 ||     1
  Evoke: Wand              |       |     1 ||     1
   Stab: Sleeping          |     7 |     1 ||     8
 Armour: Skin              |     6 |     5 ||    11
  Dodge: Dodged            |    15 |     3 ||    18
  Block: Buckler           |     6 |     3 ||     9

Table legend: (Time is in decaauts)
 A = Elapsed time spent in this place.
 B = Non-inter-level travel time spent in this place.
 C = Inter-level travel time spent in this place.
 D = Time resting spent in this place.
 E = Time spent auto-exploring this place.
 F = Levels seen in this place.
 G = Mean time per level.
                   A        B        C        D        E       F      G
               +--------+--------+--------+--------+--------+-----+--------+
         Total |   1064 |   1048 |     16 |      0 |    826 |   3 |  354.7 |
       Dungeon |   1064 |   1048 |     16 |      0 |    826 |   3 |  354.7 |
               +--------+--------+--------+--------+--------+-----+--------+

Top non-repeatable levels by time:
     D:1: 584 daAuts
     D:4: 284 daAuts
     D:2: 195 daAuts
